 Dungeon Crawl Stone Soup version 0.17.2-1-ge4368a0 (webtiles) character file.

3238 Goblin1989 the Nimble (level 9, -3/46 HPs)
             Began as a Spriggan Transmuter on Mar 17, 2017.
             Was a Follower of Cheibriados.
             Slain by Joseph
             ... wielding a +2 quarterstaff of speed
              (12 damage)
             ... on level 9 of the Dungeon.
             The game lasted 01:01:46 (13780 turns).

Goblin1989 the Nimble (Spriggan Transmuter)        Turns: 13780, Time: 01:01:47

Health: -3/46      AC:  3    Str:  8    XL:     9   Next: 66%
Magic:  15/20      EV: 26    Int: 19    God:    Cheibriados [*.....]
Gold:   449        SH:  0    Dex: 19    Spells: 4 memorised, 11 levels left

rFire  . . .     SeeInvis +       - Unarmed
rCold  + . .     Clarity  .     b - +0 robe
rNeg   . . .     SustAt   .     (shield currently unavailable)
rPois  .         Gourm    .     (helmet restricted)
rElec  .         Spirit   .     p - +0 cloak
rCorr  .         Warding  .     (gloves unavailable)
rMut   .         Stasis   .     (boots unavailable)
MR     +....                    (no amulet)
Stlth  ++........               d - +1 ring of evasion
                                c - ring of protection from cold

@: blade hands, somewhat resistant to hostile enchantments, unstealthy
A: unfitting armour, see invisible, herbivore 3, speed 3, slow metabolism 2
a: End Transformation, Bend Time, Renounce Religion


You were on level 9 of the Dungeon.
You worshipped Cheibriados.
Cheibriados was aware of your devotion.
You were not hungry.
You had blades for hands.
You visited 2 branches of the dungeon, and saw 10 of its levels.

You collected 449 gold pieces.

Inventory:

Hand Weapons
 y - a +4 falchion of freezing
Missiles
 a - 29 arrows (quivered)
 n - 401 stones
 v - 14 exploding sling bullets
 A - 18 sling bullets
 H - 15 sling bullets of flame
Armour
 b - a +0 robe (worn)
 p - a +0 cloak (worn)
 t - a troll hide
 E - a steam dragon hide
Magical Staves
 m - a staff of power {!a}
 x - a staff of air
Jewellery
 c - a ring of protection from cold (left scythe-like blade)
 d - a +1 ring of evasion (right scythe-like blade)
 r - a +1 ring of protection
 w - a ring of ice
Wands
 C - a wand of confusion (40)
Scrolls
 f - 6 scrolls of remove curse {@r2}
 k - a scroll of amnesia {unknown}
 q - 4 scrolls of enchant weapon
 s - a scroll of fog
 B - 2 scrolls of fear
 T - a scroll of teleportation
Potions
 g - 3 potions of magic
 h - a potion of resistance
 i - a potion of might
 l - a potion of beneficial mutation {unknown}
 o - a potion of invisibility
 u - 2 potions of flight {unknown}
 D - 5 potions of brilliance
 F - a potion of curing {unknown}
Books
 z - a book of Changes

   Spells                             Type                      Level
   a - Beastly Appendage              Transmutation                1
   b - Sticks to Snakes               Transmutation                2
   c - Spider Form                    Transmutation/Poison         3
   d - Ice Form                       Ice/Transmutation            4
   e - Blade Hands                    Transmutation                5
Comestibles
 e - 10 bread rations {@e1}
 j - a slice of pizza


   Skills:
 + Level 4.7 Fighting
 + Level 8.7 Dodging
 - Level 1.2 Stealth
 * Level 7.1 Unarmed Combat
 + Level 7.3 Spellcasting
 - Level 7.0 Transmutations


You had 11 spell levels left.
You knew the following spells:

 Your Spells              Type           Power        Failure   Level  Hunger
a - Beastly Appendage     Trmt           ####..       14%         1    None
b - Sticks to Snakes      Trmt           ####......   14%         2    None
c - Spider Form           Trmt/Pois      ###.......   45%         3    #......
d - Blade Hands           Trmt           ####......   58%         5    #####..


Dungeon Overview and Level Annotations

Branches:
Dungeon (9/15)             Temple (1/1) D:5
   Lair: D:8-11         Orc: D:9-12

Altars:
Cheibriados
Dithmenos
Elyvilon
Fedhas
Gozag
Kikubaaqudgha
Makhleb
Nemelex Xobeh
Okawaru
Qazlal
Ru
Sif Muna
Trog
Vehumet
Xom
Yredelemnul
Zin
The Shining One

Annotations:
D:8 Goblin1989's ghost, novice TrTm
D:9 Joseph


Innate Abilities, Weirdness & Mutations

You are tiny and cannot use many weapons and most armour.
You have supernaturally acute eyesight.
You are a herbivore.
You cover ground extremely quickly.
You need consume almost no food.


Message History

You closely miss the sky beast.
The sky beast is lightly wounded.
The sky beast barely misses you.
You barely miss the sky beast. You headbutt the sky beast.
The sky beast is moderately wounded.
The sky beast hits you but does no damage.
You punch the sky beast!
The sky beast is heavily wounded.
The sky beast completely misses you.
You hit the sky beast.
The sky beast is severely wounded.
You hit the sky beast. Your headbutt misses the sky beast.
The sky beast is severely wounded.
The sky beast completely misses you.
You hit the sky beast.
The sky beast is almost dead.
The sky beast misses you.
You closely miss the sky beast.
The sky beast is almost dead.
The sky beast hits you. The sky beast shocks you.
You take 9 damage, and have 23/46 hp.
You punch the sky beast!
You kill the sky beast!
You see here a sky beast corpse.
You start resting.
Your transformation is almost over.
You regained 3 hp, and now have 26/46 hp.
You start resting.
Your horns disappear.
You start resting.
HP restored.
Health restored: 46 Wear which item? (? for menu, Esc to quit)
Okay, then.
Marking area around Joseph as unsafe for travelling.
Joseph, a Mercenary comes into view.
He is wielding a quarterstaff of speed.
Casting: Beastly Appendage
Confirm with . or Enter, or press ? or * to list all spells.
You create 2 snakes!
You now have 18/20 mp.
Casting: Sticks to Snakes
Confirm with . or Enter, or press ? or * to list all spells.
Your hands turn into razor-sharp scythe blades.
You now have 13/20 mp.
Really walk into a travel-excluded area?
Okay, then.
Really walk into a travel-excluded area?
Found a stone staircase leading up.
Joseph shouts!
Joseph unwields a quarterstaff of speed.
Joseph wields a hunting sling.
Joseph shoots a sling bullet.
The sling bullet closely misses you.
The sling bullet hits your ball python!!
Your ball python dies!
Joseph unwields a hunting sling.
Joseph wields a quarterstaff of speed.
Joseph hits you with a quarterstaff of speed!
You take 16 damage, and have 30/46 hp.
MASSIVE DAMAGE!!
You hit Joseph but do no damage. Joseph completely misses you.
You slash Joseph!
Joseph is moderately wounded.
Your adder bites Joseph but does no damage.
Joseph misses you.
You slash Joseph!
Joseph is heavily wounded.
Your adder barely misses Joseph.
Your adder bites Joseph but does no damage.
Joseph completely misses you.
You slash Joseph!
Joseph is heavily wounded.
Your adder completely misses Joseph.
Joseph says, "I'm happy to see you. And I'll be happy to kill you."
Joseph completely misses you.
You barely miss Joseph.
Joseph is heavily wounded.
Your adder barely misses Joseph.
You slash Joseph!
Joseph is severely wounded.
Joseph drinks a potion.
Joseph seems to speed up.
Your adder misses Joseph. You barely miss Joseph.
Joseph is severely wounded.
Joseph hits you with a quarterstaff of speed!
Your adder bites Joseph but does no damage.
Joseph hits you with a quarterstaff of speed.
You take 10 damage, and have 21/46 hp.
MASSIVE DAMAGE!!
You barely miss Joseph.
Joseph is severely wounded.
Your adder bites Joseph.
Joseph hits your adder with a quarterstaff of speed!
Your adder dies!
Joseph shouts!
You hit Joseph.
Joseph is almost dead.
Joseph hits you with a quarterstaff of speed!
* * * LOW HITPOINT WARNING * * *
You take 13 damage, and have 8/46 hp.
MASSIVE DAMAGE!!
You slash Joseph!
Joseph is almost dead.
Joseph closely misses you.
Joseph hits you with a quarterstaff of speed!
You die...

█..█.....█.......
█................
█................
█................
█......██████████
████...█.........
█...█.........
████████...█.........
█..@@..(...█.........
█..........█.........
█..........██████∆███
█...................█
█....................
█%...................
█.......███...██████.
█......<█


█████ █. █. You could see Joseph.

Vanquished Creatures
  Erolcha (D:9)
  A troll (D:9)
  A spriggan (D:7)
  A steam dragon (D:9)
  A sky beast (D:9)
  2 necrophages
  A phantom (D:6)
  A giant frog (D:7)
  A wyvern zombie (D:7)
  A scorpion (D:5)
  A killer bee (D:8)
  9 wights
  2 crimson imps
  A centaur zombie (D:8)
  An orc wizard (D:8)
  A giant frog zombie (D:7)
  3 centaur skeletons
  A jelly (D:7)
  7 hounds
  2 giant frog skeletons
  2 iguanas (D:9)
  5 worker ants
  8 adders
  7 gnolls
  A worker ant zombie (D:6)
  An ooze (D:4)
  An adder skeleton (D:6)
  2 worms (D:5)
  22 orcs
  A ball python (D:1)
  6 bats
  4 giant cockroaches
  17 hobgoblins
  15 kobolds
  2 quokkas
  10 giant geckos
  2 giant newts
  6 goblins
  5 rats
156 creatures vanquished.

Vanquished Creatures (collateral kills)
  2 ogres
  A centaur zombie (D:6)
  An iguana (D:7)
  2 centaur skeletons
  A gnoll (D:4)
  An adder (D:3)
  A worm (D:2)
  2 orcs (D:3)
  A giant cockroach (D:7)
12 creatures vanquished.

Vanquished Creatures (others)
  2 fungi (D:6)
2 creatures vanquished.

Grand Total: 170 creatures vanquished

Notes
Turn   | Place    | Note
--------------------------------------------------------------
     0 | D:1      | Goblin1989 the Spriggan Transmuter began the quest for the Orb.
     0 | D:1      | Reached XP level 1. HP: 9/9 MP: 5/5
   452 | D:1      | Reached XP level 2. HP: 9/14 MP: 6/6
   973 | D:1      | Learned a level 2 spell: Sticks to Snakes
  2006 | D:2      | Reached XP level 3. HP: 17/17 MP: 6/8
  2123 | D:2      | Reached skill level 1 in Stealth
  2261 | D:2      | Learned a level 3 spell: Spider Form
  2285 | D:3      | Found a faded altar to an unknown god.
  2297 | D:3      | Reached skill level 4 in Transmutations
  2791 | D:3      | Wingboner: Ня.
  2821 | D:3      | Goblin1989: привет
  2821 | D:3      | Goblin1989: интересно проверить стало как спригган-трансмутер с чеи будет
  2960 | D:3      | Wingboner: Так себе.
  2960 | D:3      | Wingboner: А вот IE годнота.
  2960 | D:3      | Goblin1989: наверное ты прав
  2960 | D:3      | Goblin1989: но я же сам этого не пробовал :)
  2985 | D:3      | Wingboner: Трансмутер в принципе тоже может быть неплох, но больше геморроя.
  2989 | D:3      | Wingboner: Именно на старте.
  2999 | D:3      | Goblin1989: ну да, если годного ничего не попадется прилется использовать БХ
  2999 | D:3      | Goblin1989: остальное как-то не очнь мне кажется
  3288 | D:3      | Reached XP level 4. HP: 18/21 MP: 2/9
  3676 | D:4      | Wingboner: Не, оно-то в принципе и неплохо, но у сприггана хп мало оче и апты как-то не сильно подходящие.
  3704 | D:4      | Wingboner: !apt sp
  3704 | D:4      | beem: Sp: Fighting: -2*, Short: 1, Long: -2, Axes: -2, Maces: -3*, Polearms: -3*, Staves: -3*, Slings: 2, Bows: 2, Xbows: 0, Throw: 0, Armour: -3*, Dodge: 4!, Stealth: 5!, Shields: -3*, UC: -2*, Splcast: 2, Conj: -3*, Hexes: 2, Charms: 4!, Summ: -2, Nec: -1, Tloc: 4!, Tmut: 3!, Fire: -2, Ice: -2, Air: -1, Earth: -1, Poison: 0, Inv: 0, Evo: 3!, Exp: -1, HP: -3, MP: 1
  3730 | D:4      | Wingboner: А хотя нет.
  3781 | D:4      | Wingboner: Только анарм низкий.
  3782 | D:4      | Wingboner: Остальное нормально, может и потянет.
  3788 | D:4      | Reached skill level 1 in Fighting
  4080 | D:4      | Noticed an ogre
  4081 | D:4      | Wingboner: Я думал, что и тмуты там низкие.
  4192 | D:4      | Killed an ogre
  4192 | D:4      | Reached skill level 5 in Transmutations
  4192 | D:4      | Reached XP level 5. HP: 25/25 MP: 2/10
  4204 | D:4      | Goblin1989: тмуты вообще высокие
  4204 | D:4      | Goblin1989: но низкий анарм и мало хп
  4519 | D:4      | Wingboner: Эй.
  4519 | D:4      | Wingboner: Зачем ты выбросил посох?
  4519 | D:4      | Goblin1989: ?
  4519 | D:4      | Goblin1989: а зачем он мне?
  4519 | D:4      | Wingboner: Это же офигенная штука от угрей.
  4519 | D:4      | Goblin1989: аааа
  4519 | D:4      | Goblin1989: релек же!
  4519 | D:4      | Wingboner: Или от орка с палкой электричества.
  4526 | D:4      | Wingboner: Именно.
  4526 | D:4      | Wingboner: Я ради него даже берсерками посохи подбираю.
  4526 | D:4      | Goblin1989: я постоянно про это забываю
  4526 | D:4      | Goblin1989: спасибоъ
  4535 | D:4      | Wingboner: Потому что реальный шанс на рЭлек.
  4540 | D:4      | Wingboner: Кушай, не обляпайся.
  4606 | D:4      | Noticed an ogre
  5217 | D:5      | Entered Level 5 of the Dungeon
  5229 | D:4      | You fall through a shaft for 2 floors!
  5269 | D:6      | Found a blossoming altar of Fedhas.
  5603 | D:6      | Reached XP level 6. HP: 30/30 MP: 8/12
  5612 | D:6      | Learned a level 5 spell: Blade Hands
  5903 | D:6      | Wingboner: Если что, надеюсь, ты в курсе, что змеи на стрелах работают.
  5904 | D:6      | Wingboner: И можно просрать все =)
  5904 | D:6      | Goblin1989: ну да
  5904 | D:6      | Goblin1989: я почему и сделал чтобы виддно было сколько их осталось
  5904 | D:6      | Wingboner: Годно.
  5904 | D:6      | Goblin1989: мне бх дождаться нужно
  6180 | D:6      | Reached skill level 6 in Transmutations
  6367 | D:5      | Found a shimmering altar of Xom.
  6648 | D:5      | Found a staircase to the Ecumenical Temple.
  6654 | Temple   | Entered the Ecumenical Temple
  6708 | Temple   | Became a worshipper of Cheibriados the Contemplative
  7681 | D:5      | Reached XP level 7. HP: 31/34 MP: 11/13
  7840 | D:6      | Found an iron altar of Okawaru.
  7852 | D:6      | Noticed a phantom
  7909 | D:6      | Killed a phantom
  8166 | D:6      | Reached skill level 5 in Dodging
  8582 | D:6      | Reached skill level 7 in Transmutations
  9221 | D:7      | Noticed a spriggan baker
  9241 | D:7      | Killed a spriggan baker
  9644 | D:7      | Reached XP level 8. HP: 26/39 MP: 12/16
  9894 | D:7      | Reached skill level 5 in Spellcasting
 10439 | D:7      | Reached skill level 5 in Unarmed Combat
 11040 | D:7      | Reached * piety under Cheibriados
 11227 | D:7      | Found a basalt altar of Yredelemnul.
 11231 | D:7      | Found a deep blue altar of Sif Muna.
 11650 | D:8      | Found a sparkling altar of Nemelex Xobeh.
 11708 | D:8      | Noticed Erolcha
 11852 | D:7      | Iffeee: gl
 11929 | D:8      | Noticed Goblin1989's ghost (novice TrTm)
 11929 | D:8      | Goblin1989: hi
 12294 | D:9      | Found a white marble altar of Elyvilon.
 12385 | D:9      | Killed Erolcha
 12385 | D:9      | Reached XP level 9. HP: 28/46 MP: 9/20
 12516 | D:9      | Found a shimmering altar of Xom.
 12957 | D:9      | Reached skill level 8 in Dodging
 13283 | D:9      | Identified a scroll of acquirement
 13762 | D:9      | Noticed Joseph
 13780 | D:9      | Slain by Joseph

Action                   |  1- 3 |  4- 6 |  7- 9 || total
-------------------------+-------+-------+-------++-------
Melee: Unarmed           |   143 |   208 |   495 ||   846
Throw: Stone             |       |     2 |       ||     2
 Cast: Beastly Appendage |    19 |    24 |    35 ||    78
       Sticks to Snakes  |    14 |    20 |    16 ||    50
       Spider Form       |       |     3 |       ||     3
       Blade Hands       |       |       |     9 ||     9
  Use: Scroll            |       |    10 |    12 ||    22
       Potion            |       |     1 |     2 ||     3
 Stab: Sleeping          |     2 |     5 |     7 ||    14
       Distracted        |     1 |     2 |     2 ||     5
  Eat: Fruit             |     9 |       |     2 ||    11
       Bread ration      |       |       |     1 ||     1
       Pizza             |       |       |     1 ||     1

Vault maps used:
D:1:      noname_arrival_rooms_in_the_neighbourhood
D:3:      ecumenical_altar_1
D:4:      first_bread
D:5:      lemuel_round_altar, minmay_temple_entry_enclosed_plants, minivault_23
D:6:      corexii_shack_village, overflow_temple_1_default, fedhas_altar_3
D:7:      corexii_shantytown, minitemple, the_bakery
D:8:      evilmike_ruin_ashenzari, nicolae_overflow_hidden_temple, uniq_erolcha
D:9:      elyvilon_altar_5, basic_altar, uniq_joseph
Temple:   water_room_temple_b_12
